 Dungeon Crawl Stone Soup version 0.28.0-1-gb440e238dd (webtiles) character file.

Game seed: 15371639192880550244

480 unlimited1921 the Magician (level 7, -12/49 HPs)
             Began as a Djinni Fire Elementalist on Feb 28, 2022.
             Killed from afar by Dowan (21 damage)
             ... with a shard of ice
             ... on level 4 of the Dungeon.
             The game lasted 00:21:08 (8289 turns).

unlimited1921 the Magician (DjFE)                   Turns: 8289, Time: 00:21:09

Health: -12/49     AC:  8    Str:  7    XL:     7   Next: 34%
Gold:   138        EV: 12    Int: 19    God:
                   SH:  0    Dex: 13

rFire   + + .      SeeInvis .   r - +2 trident (protect)
rCold   . . .      Faith    .   (no shield)
rNeg    . . .      Spirit   .   s - +2 leather armour {rC+}
rPois   ∞          Reflect  .   (no helmet)
rElec   .          Harm     .   j - +1 cloak
rCorr   .          Rampage  .   q - +0 pair of gloves
Will    .....                   (boots unavailable)
Stlth   ++........              (no amulet)
HPRegen 0.16/turn               (no ring)
MPRegen 0.00/turn               (no ring)

@: flying
A: sickness immunity, fire resistance 2, cold vulnerability 1, float, innate
caster, HP casting, extra vitality 1
a: no special abilities


You were on level 4 of the Dungeon.
You visited 1 branch of the dungeon, and saw 4 of its levels.

You collected 208 gold pieces.
You spent 70 gold pieces at shops.

Inventory:

Hand Weapons
 c - a +0 short sword
 e - a +0 hunting sling
 r - a +2 trident of protection (weapon)
Missiles
 b - 11 poisoned darts (quivered)
 d - 186 stones
 p - 30 bolts
Armour
 j - a +1 cloak (worn)
 q - a +0 pair of gloves (worn)
 s - a +2 leather armour of cold resistance (worn)
Jewellery
 a - a ring of fire
Scrolls
 f - 2 scrolls of torment {unknown}
 i - a scroll of magic mapping {unknown}
 k - 2 scrolls of blinking {unknown}
 l - 3 scrolls of identify {unknown}
 m - a scroll of enchant weapon {unknown}
 n - 3 scrolls of enchant armour {unknown}
 o - a scroll of summoning {unknown}
Potions
 g - a potion of brilliance


   Skills:
 * Level 2.3 Fighting
 + Level 0.1 Polearms
 + Level 0.4 Armour
 + Level 2.8 Dodging
 + Level 2.7 Stealth
 + Level 5.1 Spellcasting


You couldn't memorise any spells.
You knew the following spells:

 Your Spells              Type           Power      Damage    Failure   Level
a - Foxfire               Conj/Fire      96%        2x1d8     2%          1
b - Scorch                Fire           48%        2d7       3%          2
c - Conjure Flame         Conj/Fire      24%        6-21      6%          3
d - Inner Flame           Hex/Fire       24%        N/A       6%          3
e - Flame Wave            Conj/Fire      24%        2d7       22%         4
f - Summon Small Mammal   Summ           96%        N/A       2%          1
g - Searing Ray           Conj           48%        2d6       3%          2
h - Gell's Gravitas       Tloc           24%        N/A       6%          3
Your spell library was empty.

Dungeon Overview and Level Annotations

Branches:
Dungeon (4/15)
 Temple: D:4-7

Altars:
Xom

Shops:
D:2 !   D:3 (

Annotations:
D:2 1 runed translucent door, Crazy Yiuf, Sigmund
D:4 Dowan


Innate Abilities, Weirdness & Mutations

You are immune to sickness and miasma.
You are immune to poison.
Your flesh is very heat resistant. (rF++)
You are vulnerable to cold. (rC-)
You float through the air rather than walking.
You learn spells naturally, not from books.
Your magical power is your life essence.
You have superior vitality. (+4 MHP)


Message History

The endoplasm is filled with an inner flame.
* * * LOW HITPOINT WARNING * * *
The endoplasm is engulfed in blazing flames.
The endoplasm explodes!
Casting: Inner Flame (dangerous; 6% risk of failure)
Confirm with . or Enter, or press ? or * to list all spells.
Aiming: Inner Flame (dangerous; 6% risk of failure)
Press: ? - help, Dir - move target, f - Dowan
Aim: Dowan, wielding a +2 dagger of protection and wearing a +0 robe (fast, ally target, chance to affect: 79%) Dowan is filled with an inner flame.
* * * LOW HITPOINT WARNING * * *
Throw: 13 darts (poison)
Press: ? - help, Q - select action, (/) - cycle Shift-Dir - straight line, f/p - Dowan
Aim: Dowan, wielding a +2 dagger of protection and wearing a +0 robe (fast, inner flame, ally target, 46% to hit)
You throw a poisoned dart. The poisoned dart closely misses Dowan.
Throw: 12 darts (poison)
Press: ? - help, Q - select action, (/) - cycle Shift-Dir - straight line, f/p - Dowan
Aim: Dowan, wielding a +2 dagger of protection and wearing a +0 robe (fast, inner flame, ally target, 46% to hit)
You throw a poisoned dart. The poisoned dart hits Dowan.
Dowan is poisoned.
Flame seeps out of Dowan.
Dowan is engulfed in blazing flames.
Flame seeps out of Dowan.
Dowan gestures wildly while chanting.
Dowan blinks!
Dowan hits you but does no damage.
You swap places.
Your bat closely misses Dowan.
Dowan casts a spell at you. The shard of ice hits your bat!!
Your bat dies!
Your bat's corpse disappears in a puff of smoke!
Really fly into that dispersal trap?
You enter a dispersal trap!
Dowan blinks!
You blink.
Dowan hits you but does no damage.
Casting: Inner Flame (dangerous; 6% risk of failure)
Confirm with . or Enter, or press ? or * to list all spells.
You conjure some foxfire!
* * * LOW HITPOINT WARNING * * *
Flame seeps out of Dowan.
Dowan is engulfed in blazing flames.
Flame seeps out of Dowan.
Dowan casts a spell at you. The shard of ice hits you!!
You die...

...............#################†
....####......##..........# #.
..P.###...###.##.########.# #.
P..........##.##...## #.# ##.
....###...###.##....# #.# #..
##.## ##.## #.#.....# #.# #.#
#.##########..#....# ##.## #.#
#.((()..§..§..ev...####...####.#
##)###.######.#@#..........#8...
#.# #.# ##v..######...####.#


JeK #.. ##.## ##.###8... ..e. ##.# #.# #[# ###.# ...♣.. .# #.########.###8...
##. .# ## #............###.# #. .# ############.#8... #.###.# #.....# You could
see Dowan (fast, inner flame, poisoned, ally target).

Vanquished Creatures
  Duvessa (D:4)
  2 water moccasin zombies (D:4)
  A centaur zombie (D:4)
  A jelly (D:4)
  An iguana (D:4)
  2 hound skeletons (D:4)
  3 gnolls (D:4)
  2 adders
  4 adder zombies (D:4)
  An adder skeleton (D:4)
  A worm (D:2)
  3 dart slugs
  An orc (D:3)
  8 endoplasms
  2 giant cockroaches
  8 goblins
  10 hobgoblins
  4 jackals (D:2)
  3 quokkas
  4 ball pythons
  6 bats
  4 kobolds
  4 rats
76 creatures vanquished.

Vanquished Creatures (collateral kills)
  A goblin (D:4)
  2 foxfires (D:3)
3 creatures vanquished.

Vanquished Creatures (others)
  218 foxfires
  9 withered plants (D:4)
227 creatures vanquished.

Grand Total: 306 creatures vanquished

Notes
Turn   | Place    | Note
-------+----------+-------------------------------------------
     0 | D:1      | unlimited1921 the Djinni Fire Elementalist began the quest
                  | for the Orb.
     0 | D:1      | Reached XP level 1. HP: 15/15 MP: 0/0
   399 | D:1      | Reached XP level 2. HP: 16/21 MP: 0/0
  1237 | D:1      | Found a faded altar of an unknown god.
  1261 | D:1      | Reached skill level 3 in Spellcasting
  1677 | D:1      | Reached XP level 3. HP: 22/25 MP: 0/0
  1677 | D:1      | Learned a level 1 spell: Summon Small Mammal
  2629 | D:2      | Found Dussashe's Distillery.
  2643 | D:2      | Bought a potion of brilliance for 40 gold pieces
  2643 | D:2      | Bought a potion of curing for 30 gold pieces
  3003 | D:2      | Noticed Sigmund
  3432 | D:2      | Found a runed translucent door.
  3433 | D:2      | Noticed Crazy Yiuf
  3456 | D:3      | Found Ocsioc's Antique Weapon Emporium.
  4393 | D:3      | Reached XP level 4. HP: 28/31 MP: 0/0
  5014 | D:3      | Found a shimmering altar of Xom.
  6586 | D:4      | Reached XP level 5. HP: 32/36 MP: 0/0
  6586 | D:4      | Learned a level 2 spell: Searing Ray
  7210 | D:4      | Reached skill level 1 in Fighting
  7210 | D:4      | Reached skill level 4 in Spellcasting
  7210 | D:4      | Reached XP level 6. HP: 31/42 MP: 0/0
  8240 | D:4      | Noticed Duvessa
  8244 | D:4      | Noticed Dowan
  8254 | D:4      | Reached XP level 7. HP: 21/49 MP: 0/0
  8254 | D:4      | Learned a level 3 spell: Gell's Gravitas
  8275 | D:4      | Killed Duvessa
  8276 | D:4      | Reached skill level 5 in Spellcasting
  8289 | D:4      | Killed from afar by Dowan

Illustrated notes

Levels and vault maps discovered:
D:1:      nicolae_arrival_washed_ashore, layout_basic,
          shapermc_ecumenical_altar_venn, minmay_tromino_v7
D:2:      cheibrodos_helix_gallery, layout_rooms, serial_shops,
          nicolae_shop_waterfront, kennysheep_path_1, grunt_decor_clamped,
          uniq_crazy_yiuf_cottage, uniq_sigmund
D:3:      layout_loops_ring, mainiacjoe_overflow_cross_hatched, serial_shops,
          shop
D:4:      layout_loops_ring, serial_undead, serial_undead_b, serial_undead_b,
          serial_undead_d, serial_undead_d, serial_undead_f, serial_undead_f,
          grunt_ministairs_14, minmay_misc_feat_hallway, uniq_duvessa

Skill      XL: |  1  2  3  4  5  6  7 |
---------------+----------------------+-----
Spellcasting   | 3 4 5 |  5.1
Stealth        | 2 |  2.7
Fighting       | 1 2 |  2.3
Polearms       | |  0.1
Armour         | |  0.4
Dodging        | |  2.8

Action                   |  1- 3 |  4- 6 |  7- 9 || total
-------------------------+-------+-------+-------++-------
Melee: Unarmed           |     1 |       |       ||     1
       Short sword       |     1 |     2 |       ||     3
       Trident           |       |    12 |       ||    12
Throw: Dart              |       |       |     4 ||     4
 Cast: Foxfire           |    89 |    49 |     2 ||   140
       Scorch            |     1 |    23 |     1 ||    25
       Inner Flame       |       |    16 |     4 ||    20
       Summon Small Mamm |       |     5 |     2 ||     7
  Use: Scroll            |       |     1 |       ||     1
       Potion            |       |     1 |       ||     1
Armor: Robe              |       |     4 |       ||     4
       Leather armour    |       |    10 |     2 ||    12
Dodge: Dodged            |     5 |    20 |     1 ||    26
